 Dungeon Crawl Stone Soup version 0.29-a0-8-g0446c0dae4 (console) character file.

Game seed: 7634311077383634465

2443 Melian the Fighter (level 9, -4/89 HPs)
             Began as a Minotaur Berserker on Jan 27, 2022.
             Was an Elder of Trog.
             Slain by an orc warrior (11 damage)
             ... on level 7 of the Dungeon.
             The game lasted 00:19:30 (6505 turns).

Melian the Fighter (Minotaur Berserker)             Turns: 6505, Time: 00:19:31

Health: -4/89      AC: 13    Str: 33    XL:     9   Next: 25%
Magic:  8/8        EV:  8    Int:  4    God:    Trog [****..]
Gold:   277        SH:  0    Dex:  9    Spells: 8/8 levels left

rFire   . . .      SeeInvis .   v - +3 war axe
rCold   . . .      Faith    .   (no shield)
rNeg    . . .      Spirit   .   a - +0 plate armour
rPois   .          Reflect  .   (helmet restricted)
rElec   .          Harm     .   (no cloak)
rCorr   +          Rampage  .   n - +1 Delatra's gloves {ID++}
Will    ++...                   (no boots)
Stlth   ..........              (no amulet)
HPRegen 1.24/turn               f - +6 ring of strength
MPRegen 0.11/turn               j - ring of resist corrosion

@: strong-willed, regenerating
A: horns 2, retaliatory headbutt
a: Renounce Religion, Berserk, Trog's Hand, Brothers in Arms


You were on level 7 of the Dungeon.
You worshipped Trog.
Trog was greatly pleased with you.
You visited 1 branch of the dungeon, and saw 7 of its levels.

You collected 277 gold pieces.

Inventory:

Hand Weapons
 q - a +2 vorpal hand axe
 v - a +3 war axe (weapon)
Armour
 a - a +0 plate armour (worn)
 n - the +1 Delatra's gloves (worn) {ID++}
   (You found it on level 4 of the Dungeon)

   It heals its wearer when they drink unknown potions.
   It restores its wearer's MP when they read unknown scrolls.
 s - the +2 leather armour of the Stars {rPois Will++ Regen+ Int-4}
   (You found it on level 6 of the Dungeon)

   Int:       It affects your intelligence (-4).
   rPois:     It protects you from poison.
   Regen:     It increases your rate of health regeneration.
   Will:      It greatly increases your willpower.
Jewellery
 f - a +6 ring of strength (left hand)
 j - a ring of resist corrosion (right hand)
Wands
 d - a wand of flame (2)
 h - a wand of polymorph (11)
 l - a wand of iceblast (1)
 m - a wand of mindburst (7)
Scrolls
 e - 4 scrolls of immolation
 i - 2 scrolls of teleportation
 p - a scroll of holy word {unknown}
 w - a scroll of enchant armour {unknown}
Potions
 b - a potion of cancellation {unknown}
 c - a potion of might {unknown}
 k - 2 potions of haste
 o - a potion of invisibility {unknown}
 r - 3 potions of mutation
 t - a potion of flight {unknown}
 u - a potion of attraction {unknown}


   Skills:
 + Level 11.1 Fighting
 + Level 11.1 Axes
 - Level 2.6 Armour
 - Level 2.4 Dodging


You had 8 spell levels left.
You didn't know any spells.
Your spell library was empty.

Dungeon Overview and Level Annotations

Branches:
Dungeon (7/15)             Temple (0/1) D:4

Altars:
Hepliaklqana

Shops:
D:6 :[


Innate Abilities, Weirdness & Mutations

You have a pair of horns on your head.
You reflexively headbutt those who attack you in melee.


Message History

The orc priest shouts!
The orc shouts!
The orc priest shouts!
An orc warrior comes into view. It is wielding a +0 flail.
The orc priest moves out of view.
There are monsters nearby! 2 orc wizards come into view.
The orc wizard shouts!
The orc shouts!
The orc wizard casts a spell.
The orc wizard flickers and vanishes!
Deactivating autopickup; reactivate with Ctrl-A.
The orc wizard gestures wildly while chanting.
The orc wizard flickers and vanishes!
You completely miss the orc. You headbutt the orc, but do no damage.
The orc hits you but does no damage.
You hit the orc. You headbutt the orc.
You kill the orc!
Trog accepts your kill.
The orc priest mumbles some strange prayers to Beogh against you.
Pain shoots through your body!
The orc warrior hits you but does no damage.
Things that are here:
a +0 club; a +0 ring mail You closely miss the orc warrior.
The orc warrior hits you with a +0 flail!
The orc warrior throws a stone.
The stone hits you but does no damage.
The orc warrior hits you with a +0 flail.
The orc priest mumbles some strange prayers to Beogh against you.
Beogh smites you!
* * * LOW HITPOINT WARNING * * *
Things that are here:
a +0 club; a +0 ring mail You closely miss the orc warrior.
The orc warrior hits you with a +0 flail!
* * * LOW HITPOINT WARNING * * *
You hit the orc warrior but do no damage.
The orc warrior hits you with a +0 flail.
* * * LOW HITPOINT WARNING * * *
Okay, then.
Your skin crawls.
You feel strong-willed.
The orc warrior hits you with a +0 flail!
You die...

#...###.)....#
###?#
#.†..#..# #.#
#).#.##.# #†#
#.##..#...
#.##..# #.# .#
#.##.## .#
#.##.# #....#
#..######.
#..#......
#@...# ##o###
#o# #.{# .o.##
....# ......
.o.... .....
.....


You could see an orc warrior and an orc priest.

Vanquished Creatures
  A steam dragon (D:5)
  Menkaure (D:4)
  A water moccasin (D:7)
  An orc warrior (D:4)
  A sky beast (D:4)
  2 ice beasts (D:4)
  3 ogres
  A centaur (D:5)
  Blork the orc (D:6)
  A gnoll sergeant (D:5)
  A bullfrog (D:7)
  3 scorpions (D:4)
  4 wights (D:4)
  A howler monkey (D:4)
  2 centaur zombies
  An orc priest (D:7)
  6 hounds
  Terence (D:2)
  4 iguanas
  3 orc wizards (D:4)
  2 hound skeletons (D:4)
  3 adders
  12 gnolls
  A howler monkey skeleton (D:6)
  A shadow imp (D:5)
  3 ufetubi
  2 worms
  2 dart slugs (D:2)
  28 orcs
  3 bats
  6 endoplasms
  4 giant cockroaches
  6 goblins
  6 hobgoblins
  10 jackals
  9 kobolds
  A quokka (D:2)
  3 ball pythons
  2 frilled lizards (D:1)
  4 rats (D:1)
147 creatures vanquished.

Vanquished Creatures (others)
  A quokka (D:1)
  4 plants (D:4)
  4 toadstools (D:1)
9 creatures vanquished.

Grand Total: 156 creatures vanquished

Notes
Turn   | Place    | Note
-------+----------+-------------------------------------------
     0 | D:1      | Melian the Minotaur Berserker began the quest for the Orb.
     0 | D:1      | Reached XP level 1. HP: 19/19 MP: 0/0
   223 | D:1      | Reached XP level 2. HP: 25/27 MP: 1/1
   616 | D:1      | Found a faded altar of an unknown god.
  1061 | D:2      | Noticed Terence
  1113 | D:2      | Killed Terence
  1114 | D:2      | Reached XP level 3. HP: 34/34 MP: 2/2
  1358 | D:2      | Reached XP level 4. HP: 32/41 MP: 3/3
  1642 | D:2      | Reached ** piety under Trog
  2116 | D:3      | Reached skill level 5 in Axes
  2117 | D:3      | Reached skill level 5 in Fighting
  2310 | D:3      | You fall into a shaft and drop 3 floors!
  2310 | D:6      | Found Qizoiz's Book Shop.
  2311 | D:6      | Noticed Blork the orc
  2313 | D:6      | Noticed a sky beast
  2318 | D:5      | Entered Level 5 of the Dungeon
  2326 | D:4      | Noticed a scorpion
  2330 | D:4      | Killed a sky beast
  2331 | D:4      | Reached XP level 5. HP: 21/50 MP: 4/4
  2337 | D:4      | Reached XP level 6. HP: 23/57 MP: 5/5
  3006 | D:4      | Noticed an ice beast
  3012 | D:4      | Killed an ice beast
  3013 | D:4      | Reached XP level 7. HP: 51/66 MP: 6/6
  3284 | D:4      | Found the +1 Delatra's gloves {ID++}
  3292 | D:4      | Reached *** piety under Trog
  3720 | D:4      | Found a staircase to the Ecumenical Temple.
  3742 | D:4      | Found a hazy altar of Hepliaklqana.
  4455 | D:4      | Reached XP level 8. HP: 71/72 MP: 7/7
  4638 | D:5      | Noticed Menkaure
  4659 | D:4      | Killed Menkaure
  4999 | D:5      | Reached **** piety under Trog
  5261 | D:5      | Reached skill level 10 in Fighting
  5261 | D:5      | Reached skill level 10 in Axes
  5658 | D:6      | Reached XP level 9. HP: 62/86 MP: 8/8
  5684 | D:6      | Found Zeunguic's Armour Boutique.
  5695 | D:6      | Killed Blork the orc
  6208 | D:6      | Identified the +2 leather armour of the Stars {rPois Will++
                  | Regen+ Int-4}
  6505 | D:7      | Slain by an orc warrior

Illustrated notes

Levels and vault maps discovered:
D:1:      ldierk_walled_garden_2, layout_basic,
          shapermc_ecumenical_altar_mp_highgroup, kennysheep_doodads,
          lemuel_flame_loot_1
D:2:      layout_loops_corners, uniq_terence
D:3:      layout_basic, hex_tiny
D:4:      corexii_shack_village, layout_basic, mainiacjoe_overflow_24_doors,
          temple_statues, minivault_4, pf_guarded_unrand_delatra
D:5:      layout_cave_pools, grunt_ministairs_8, uniq_menkaure
D:6:      layout_cave_pools, serial_shops, shop, enter_ossuary_2,
          minmay_misc_feat_secret_circle, minmay_misc_feat_roman,
          nicolae_take_the_stairs, uniq_blork_the_orc
D:7:      layout_rooms, nicolae_zen_rock_garden

Skill      XL: |  1  2  3  4  5  6  7  8  9 |
---------------+----------------------------+-----
Axes           | 4 5 6 7 8 10 11 | 11.1
Fighting       | 4 5 6 7 8 10 11 | 11.1
Armour         | |  2.6
Dodging        | |  2.4

Action                   |  1- 3 |  4- 6 |  7- 9 || total
-------------------------+-------+-------+-------++-------
Melee: Hand axe          |    67 |    71 |    67 ||   205
       Punch             |     2 |       |       ||     2
       Headbutt          |     7 |    14 |    31 ||    52
       War axe           |       |       |   131 ||   131
Invok: Berserk           |     1 |     1 |     2 ||     4
       Trog's Hand       |       |       |     2 ||     2
  Use: Scroll            |     1 |       |     8 ||     9
       Potion            |       |       |     4 ||     4
Armor: Animal skin       |     9 |       |       ||     9
       Ring mail         |     2 |    19 |       ||    21
       Scale mail        |       |     3 |    16 ||    19
       Plate armour      |       |       |   158 ||   158
Dodge: Dodged            |    41 |    30 |    90 ||   161

Table legend: (Time is in decaauts)
 A = Elapsed time spent in this place.
 B = Non-inter-level travel time spent in this place.
 C = Inter-level travel time spent in this place.
 D = Time resting spent in this place.
 E = Time spent auto-exploring this place.
 F = Levels seen in this place.
 G = Mean time per level.
                   A        B        C        D        E       F      G
               +--------+--------+--------+--------+--------+-----+--------+
         Total |   6530 |   6379 |    151 |      0 |   4967 |   7 |  932.9 |
       Dungeon |   6530 |   6379 |    151 |      0 |   4967 |   7 |  932.9 |
               +--------+--------+--------+--------+--------+-----+--------+

Top non-repeatable levels by time:
     D:4: 2020 daAuts
     D:2: 1156 daAuts
     D:3: 896 daAuts
     D:1: 862 daAuts
     D:6: 776 daAuts
     D:5: 732 daAuts
     D:7: 84 daAuts
